 Dungeon Crawl Stone Soup version 0.30.1 (webtiles) character file.

Game seed: 3642994689382413660

105 LustLizard the Shield-Bearer (level 4, 0/29 HPs)
             Began as a Gargoyle Fighter on July 12, 2023.
             Slain by an orc priest
             ... wielding a +0 falchion
              (3 damage)
             ... on level 3 of the Dungeon.
             The game lasted 00:03:03 (1710 turns).

LustLizard the Shield-Bearer (Gargoyle Fighter)     Turns: 1710, Time: 00:03:03

Health: 0/29       AC: 11    Str: 19    XL:     4   Next: 81%
Magic:  4/4        EV:  9    Int: 11    God:
Gold:   50         SH:  4    Dex:  9    Spells: 3/3 levels left

rFire   . . .        m - +2 whip (drain)
rCold   . . .        c - +0 buckler
rNeg    + . .        b - +0 scale mail
rPois   ∞            n - +0 helmet
rElec   +            (no cloak)
rCorr   .            (no gloves)
SInv    .            (no boots)
Will    .....        (no amulet) Stlth
                     (no ring)
HPRegen 0.24/turn    (no ring)
MPRegen 0.09/turn

%: no passive effects
@: no status effects
A: sickness immunity, AC +3, negative energy resistance 1, electricity
resistance, torment resistance 1, petrification resistance, claws 1, talons 1
a: no special abilities


You were on level 3 of the Dungeon.
You visited 1 branch of the dungeon, and saw 3 of its levels.

You collected 206 gold pieces.
You spent 156 gold pieces at shops.

Inventory:

Hand Weapons
 a - a +0 flail
 m - a +2 whip of draining (weapon)
Missiles
 j - 8 poisoned darts
Armour
 b - a +0 scale mail (worn)
 c - a +0 buckler (worn)
 n - a +0 helmet (worn)
Magical Staves
 u - a staff of earth
Jewellery
 k - an amulet of faith
Scrolls
 e - 2 scrolls of blinking {unknown}
 g - a scroll of amnesia {unknown}
 h - a scroll of teleportation {unknown}
 i - a scroll of identify {unknown}
 o - a scroll of poison {unknown}
 p - a scroll of immolation {unknown}
 r - 2 scrolls of enchant armour {unknown}
 t - a scroll of vulnerability {unknown}
Potions
 d - 2 potions of might
 f - a potion of cancellation {unknown}
 l - a potion of mutation
 q - a potion of flight {unknown}
 s - a potion of berserk rage {unknown}


   Skills:
 + Level 4.0 Fighting
 * Level 3.7 Maces & Flails
 - Level 3.2 Armour
 + Level 4.0 Shields


You had 3 spell levels left.
You didn't know any spells.
Your spell library was empty.

Dungeon Overview and Level Annotations

Branches:
Dungeon (3/15)

Altars:

Shops:
D:2 *


Innate Abilities, Weirdness & Mutations

You are immune to sickness and miasma.
Your stone body is resilient. (AC +3)
You are immune to poison.
You resist negative energy. (rN+)
You are resistant to electric shocks. (rElec)
You are resistant to unholy torment.
You are immune to petrification.
You have sharp fingernails.
You have sharp toenails.


Message History

Unknown command.
You hit the orc priest.
You kill the orc priest!
The orc priest hits you with a +0 falchion.
The orc priest looks braver for a moment.
Your Fighting skill increases to level 4!
Your Shields skill increases to level 4!
Unknown command.
You closely miss the orc priest.
The orc priest hits you but does no damage.
You barely miss the orc priest.
Unknown command.
Unknown command.
You hit the orc priest.
The orc priest is lightly wounded.
The orc priest hits you with a +0 falchion.
The orc priest begins to cast a cantrip, but forgets the words!
You barely miss the orc priest.
The orc priest is lightly wounded.
The orc priest hits you but does no damage.
The orc priest barely misses you.
You hit the orc priest. You drain the orc priest.
The orc priest is moderately wounded.
The orc priest hits you but does no damage.
The orc priest barely misses you.
You completely miss the orc priest.
The orc priest is moderately wounded.
The orc priest hits you but does no damage.
The orc priest closely misses you.
You hit the orc priest but do no damage.
The orc priest is moderately wounded.
The orc priest invokes the aid of Beogh against you.
Beogh smites you!
* * * LOW HITPOINT WARNING * * *
The orc priest calls upon Beogh to heal the orc priest.
The orc priest's wounds heal themselves!
It was a potion of mutation.
You feel extremely strange.
Your toenails lengthen and sharpen.
Your fingernails lengthen.
The orc priest hits you with a +0 falchion.
You die...

##..................
....#####..#.##.###
.......#..##....###
#####....###....[.#
.)....#...........#
.# . ##....#.....#
#..# #..####)....#
## #. #.....# ..# #
#..o@.# .....
##)o#### ..###
##o...#####o. ###
##........o.
#...#####o. #####


You could see 2 orc priests and an orc.

Vanquished Creatures
  An orc priest (D:3)
  3 adders (D:2)
  A dart slug (D:2)
  An orc (D:3)
  2 ball pythons (D:2)
  5 endoplasms
  A giant cockroach (D:2)
  2 hobgoblins
  3 kobolds (D:2)
  5 quokkas
  6 bats
  6 frilled lizards
  5 goblins
  2 rats
43 creatures vanquished.

Notes
Turn   | Place    | Note
-------+----------+-------------------------------------------
     0 | D:1      | LustLizard the Gargoyle Fighter began the quest for the
                  | Orb.
     0 | D:1      | Reached XP level 1. HP: 14/14 MP: 1/1
   266 | D:1      | Reached XP level 2. HP: 13/19 MP: 2/2
   663 | D:2      | Reached XP level 3. HP: 23/23 MP: 3/3
  1142 | D:2      | Reached XP level 4. HP: 29/29 MP: 4/4
  1144 | D:2      | Found Ydoaff Zuru's Assorted Antiques.
  1200 | D:2      | Bought a silvery potion for 24 gold pieces
  1200 | D:2      | Bought a scroll labelled CAHEEM QONO for 27 gold pieces
  1200 | D:2      | Bought a scroll labelled CAHEEM QONO for 27 gold pieces
  1200 | D:2      | Bought a bubbling grey potion for 24 gold pieces
  1200 | D:2      | Bought a scroll labelled XOMABY PEUNOGE for 27 gold pieces
  1200 | D:2      | Bought a scroll labelled KILOQUBIMM for 27 gold pieces
  1710 | D:3      | Gained mutation: You have sharp toenails. [potion of
                  | mutation]
  1710 | D:3      | Gained mutation: You have sharp fingernails. [potion of
                  | mutation]
  1710 | D:3      | Slain by an orc priest

Illustrated notes

Levels and vault maps discovered:
D:1:      lemuel_arrival_hallway, layout_basic
D:2:      layout_loops_corners, serial_forest, infiniplex_forest_corner_1,
          infiniplex_forest_end_3, infiniplex_forest_clump_small,
          infiniplex_forest_corner_1, infiniplex_forest_clump_cross,
          serial_shops, nicolae_shop_tiny_glass
D:3:      layout_rooms

Skill      XL: |  1  2  3  4 |
---------------+-------------+-----
Maces & Flails | 3 |  3.7
Fighting       | 4 |  4.0
Shields        | 4 |  4.0
Armour         | |  3.2

Action                     |  1- 3 |  4- 6 || total
---------------------------+-------+-------++-------
  Melee: Flail             |    43 |       ||    43
         Whip              |    56 |    46 ||   102
  Throw: Dart              |     2 |       ||     2
    Use: Potion            |       |     1 ||     1
 Armour: Scale mail        |    38 |    22 ||    60
  Dodge: Dodged            |    47 |    13 ||    60
  Block: Buckler           |    23 |     7 ||    30
